 Dungeon Crawl Stone Soup version 0.28.0-1-gb440e238dd (webtiles) character file.

Game seed: 7495983473615515122

11 spaghetti the Sneak (level 2, -1/21 HPs)
             Began as an Octopode Delver on Feb 20, 2022.
             Succumbed to a scorpion's poison
             ... on level 4 of the Dungeon.
             The game lasted 00:00:37 (190 turns).

spaghetti the Sneak (Octopode Delver)                Turns: 190, Time: 00:00:38

Health: -1/21      AC:  1    Str: 11    XL:     2   Next: 25%
Magic:  2/2        EV: 13    Int: 12    God:
Gold:   0          SH:  0    Dex: 13    Spells: 1/1 levels left

rFire   . . .      SeeInvis .   a - +0 falchion
rCold   . . .      Faith    .   (no shield)
rNeg    . . .      Spirit   .   (helmet restricted)
rPois   .          Reflect  .   (no amulet)
rElec   .          Harm     .   g - ring of willpower
rCorr   .          Rampage  .   (no ring)
Will    +....                   (no ring)
Stlth   ++++......              (no ring)
HPRegen 0.07/turn               (no ring)
MPRegen 0.08/turn               (no ring)
                                (no ring)
                                (no ring)

@: lethally poisoned (-1 -> -18)
A: almost no armour, amphibious, 8 rings, camouflage 1, gelatinous body 1,
(nimble swimmer 1), tentacles
a: no special abilities


You were on level 4 of the Dungeon.
You visited 1 branch of the dungeon, and saw 3 of its levels.

Inventory:

Hand Weapons
 a - a +0 falchion (weapon)
Jewellery
 g - a ring of willpower (left tentacle)
Wands
 f - a wand of digging (3)
Scrolls
 b - a scroll of fog
 c - 2 scrolls of magic mapping
 d - a scroll of fear
 i - a scroll of amnesia {unknown}
Potions
 e - a potion of haste
 h - a potion of attraction {unknown}


   Skills:
 - Level 3.1 Fighting
 + Level 2.2 Long Blades
 - Level 2.2 Dodging
 - Level 6.8 Stealth


You had one spell level left.
You didn't know any spells.
Your spell library contained the following spells:

 Spells                   Type           Power      Damage    Failure   Level
 Gell's Gravitas          Tloc           0%         N/A       69%         3
 Lesser Beckoning         Tloc           0%         N/A       69%         3
 Teleport Other           Tloc           0%         N/A       69%         3


Dungeon Overview and Level Annotations

Branches:
Dungeon (6/15)
 Temple: D:4-7

Altars:
Sif Muna


Innate Abilities, Weirdness & Mutations

You cannot wear most types of armour.
You are amphibious.
You can wear up to eight rings at the same time.
Your skin changes colour to match your surroundings (Stealth+).
Your rubbery body absorbs attacks. (AC +1, EV +1)
((You are camouflaged when in or above water. (Stealth+)))
You have tentacles for arms and can constrict up to eight enemies at once.


Message History

i - a scroll labelled YMEZAM HOJUDGH
c - 2 scrolls of magic mapping (gained 1)
You open the door.
There is an open door here.
A scorpion comes into view.
Found an escape hatch in the ceiling.
The helpless scorpion fails to defend itself.
You hit the scorpion but do no damage. You grab the scorpion.
You constrict the scorpion, but do no damage.
The scorpion misses you.
You hit the scorpion.
The scorpion is lightly wounded.
You constrict the scorpion. The scorpion barely misses you.
You hit the scorpion but do no damage. You squeeze the scorpion.
The scorpion is moderately wounded.
You constrict the scorpion. The scorpion barely misses you.
The scorpion stings you.
You hit the scorpion but do no damage.
The scorpion is heavily wounded.
You constrict the scorpion. The scorpion misses you.
You barely miss the scorpion. You squeeze the scorpion.
The scorpion is severely wounded.
You constrict the scorpion. The scorpion stings you.
You are lethally poisoned!
The scorpion poisons you! The scorpion stings you.
You are more poisoned.
The scorpion poisons you!
You hit the scorpion.
The scorpion is almost dead.
You hear the slow rusting of a distant drain.
You constrict the scorpion.
* * * LOW HITPOINT WARNING * * *
You feel very sick.
The scorpion stings you but does no damage.
Okay, then.
You barely miss the scorpion. Your squeeze misses the scorpion.
The scorpion is almost dead.
You constrict the scorpion.
You kill the scorpion!
You die...

..# #.# #.# ###.####
......##### #.........
#.....# #@...#
...<..†.#.## ###.#####.#
.# #.# ###. ##'## ...
##...## ###.# ##.....##
##.#.# ##.......#
#######....###.........#


There were no monsters in sight!

Vanquished Creatures
  A scorpion (D:4)
  A howler monkey skeleton (D:5)
  A kobold (D:4)
3 creatures vanquished.

Notes
Turn   | Place    | Note
-------+----------+-------------------------------------------
     0 | D:5      | spaghetti the Octopode Delver began the quest for the Orb.
     0 | D:5      | Reached XP level 1. HP: 16/16 MP: 1/1
    35 | D:6      | Noticed a centaur
    40 | D:6      | Noticed a jelly
    63 | D:5      | Found a shimmering blue altar of Sif Muna.
    85 | D:5      | Reached XP level 2. HP: 18/21 MP: 2/2
   123 | D:5      | Noticed a sky beast
   181 | D:4      | Noticed a scorpion
   190 | D:4      | Killed a scorpion
   190 | D:4      | Succumbed to a scorpion's poison

Illustrated notes

Levels and vault maps discovered:
D:4:      layout_loops_corners, mainiacjoe_overflow_small_starburst,
          gup_sewer_entry_bowl, gammafunk_ghost_necromancy, st_stairs_11,
          uniq_robin, uniq_sigmund
D:5:      layout_rooms, lemuel_round_altar, uniq_blork_the_orc
D:6:      old_forge, layout_gridville, nicolae_qazlal_general_emergency,
          mainiacjoe_overflow_tiny_flanked, minmay_temple_entry_nine_rooms,
          hangedman_decor_lopped

Action                   || total
-------------------------++-------
Melee: Falchion          ||    13
       Constrict         ||     3
       Tentacles         ||     3
 Stab: Sleeping          ||     3
Armor: Skin              ||     1
Dodge: Dodged            ||     6
